 Dungeon Crawl Stone Soup version 0.31.0-9-g3a7656b989 (webtiles) character file.

Game seed: 5869645300945181609

182 James the Ruffian (level 5, -3/36 HPs)
             Began as an Octopode Shapeshifter on Jan 28, 2024.
             Splashed by a jelly's acid (7 damage)
             ... on level 4 of the Dungeon.
             The game lasted 00:11:14 (3003 turns).

James the Ruffian (Octopode Shapeshifter)           Turns: 3003, Time: 00:11:15

Health: -3/36      AC: -11   Str: 16    XL:     5   Next: 61%
Magic:  5/5        EV: 13    Int: 12    God:
Gold:   144        SH:  0    Dex: 11    Spells: 4/4 levels left

rFire   . .          .
                       - Unarmed
rCold   . . .        (no shield)
rNeg    . . .        (helmet currently unavailable)
rPois   .            (no amulet)
rElec   .            (no ring)
rCorr   .            (no ring)
SInv    .            (no ring)
Will    .....        (no ring)
Stlth   +++          (no ring)
HPRegen 0.26/turn    (no ring)
MPRegen 0.09/turn    (no ring)
                     (no ring)

%: no passive effects
@: beast-form, corroded
A: beast (slay +2), almost no armour, amphibious, 8 rings, camouflage 1,
gelatinous body 1, (nimble swimmer 1), tentacles
a: Begin Untransformation


You were on level 4 of the Dungeon.
You were a hulking beast.
You visited 1 branch of the dungeon, and saw 4 of its levels.

You collected 144 gold pieces.

Inventory:

Hand Weapons
 h - a +0 sling
   (You found it on level 1 of the Dungeon)
 s - the +8 dagger of Gustrezxa {heavy, ^Drain rPois Int+4 SInv}
   (You found it on level 4 of the Dungeon)

   Int+4:     It affects your intelligence (+4).
   rPois:     It protects you from poison SInv: It lets you see invisible.
   ^Drain:    It drains your maximum health when unequipped.
 v - a +0 trident
   (You found it on level 4 of the Dungeon)
Missiles
 i - 33 stones
 l - 16 poisoned darts (quivered)
 r - 5 boomerangs
Armour
 m - a +0 tower shield
   (You found it on level 3 of the Dungeon)
Talismans
 b - a beast talisman
 c - a flux talisman
Wands
 t - a wand of charming (11)
   (You found it on level 4 of the Dungeon)
Scrolls
 d - a scroll of immolation {unknown}
 f - a scroll of torment {unknown}
 g - a scroll of summoning
 j - a scroll of teleportation {unknown}
 o - a scroll of silence {unknown}
 q - a scroll of enchant weapon {unknown}
 u - a scroll of revelation {unknown}
Potions
 a - a potion of lignification {!q}
 e - a potion of attraction {!q}
 n - a potion of mutation {!q}
 p - a potion of haste {@q3}
 w - a potion of curing {@q1}
 x - a potion of berserk rage {unknown}


   Skills:
 - Level 3.0 Fighting
 - Level 2.0 Dodging
 + Level 2.6 Stealth
 - Level 4.0 Unarmed Combat
 - Level 4.0 Shapeshifting


You had 4 spell levels left.
You didn't know any spells.
Your spell library contained the following spells:

 Spells                   Type           Power      Damage    Failure   Level
 Chain Lightning          Conj/Air       0%         N/A       100%        9
 Fire Storm               Conj/Fire      0%         5d1       100%        9
 Shatter                  Erth           0%         3d5*      100%        9


Dungeon Overview and Level Annotations

Branches:
Dungeon (4/15)
 Temple: D:4-7

Altars:
Nemelex Xobeh
Qazlal

Annotations:
D:2 Natasha
D:3 exclusions: goblin and quokka
D:4 2 transporters, exclusion: ice beast


Innate Abilities, Weirdness & Mutations

You are a hulking beast.
Your limbs bulge with bestial killing power. (Slay +2)
You cannot wear most types of armour.
You are amphibious.
You can wear up to eight rings at the same time.
Your skin changes colour to match your surroundings (Stealth+).
Your rubbery body absorbs attacks. (AC +1, EV +1)
((You are camouflaged when in or above water. (Stealth+)))
You have tentacles for arms and can constrict up to eight enemies at once.


Message History

Found a stone staircase leading down.
A hobgoblin comes into view.
The hobgoblin shouts!
The hobgoblin misses you.
You tentacle-slap the hobgoblin.
You kill the hobgoblin!
You see here a hobgoblin corpse.
Found 10 gold pieces.
You now have 144 gold pieces (gained 10).
Found a stormy altar of Qazlal.
You see here a hobgoblin corpse.
Found 8 stones.
i - 33 stones (gained 8)
An adder comes into view.
The adder hisses angrily.
You closely miss the adder. Your grab misses the adder.
Your squeeze misses the adder. The adder bites you.
You bludgeon the adder! You grab the adder. You squeeze the adder.
You kill the adder!
You see here an adder corpse.
You see here an adder corpse.
There is a stone staircase leading down here.
A giant cockroach comes into view.
The helpless giant cockroach fails to defend itself.
You bludgeon the giant cockroach!
You kill the giant cockroach!
An orc comes into view. It is wielding a +0 flail.
You tentacle-slap the orc. You grab the orc. You squeeze the orc.
You kill the orc! 2 orcs come into view.
Things that are here:
a +0 flail; a +0 ring mail; an orc corpse A jelly comes into view.
Found 15 gold pieces.
The goblin shouts!
The jelly quivers.
Things that are here:
a +0 flail; a +0 ring mail; an orc corpse You barely miss the jelly.
The jelly hits you.
You are splashed with acid!
The orc shouts!
You bludgeon the jelly! The acid corrodes you!
Your tentacles burn!
The jelly hits you. The acid corrodes you!
You are splashed with acid!
* * * LOW HITPOINT WARNING * * *
You tentacle-slap the jelly but do no damage.
The acid corrodes you!
Your tentacles burn!
* * * LOW HITPOINT WARNING * * *
You squeeze the jelly. The jelly hits you.
* * * LOW HITPOINT WARNING * * *
You are splashed with acid!
You die...

##############$. ##
##......g........
##.
###....<.o.........
. ##..
##..#####..#########
.. ##..# ##.### ####
g.. ##..## #.## ....
#..## #.# ...# #.##
### #########...#
#.## #....hJgo...#
##.# #...####o...#
#># #..## #..## ##.#
##.# ..# #..# #.#
o.# ###.## #.#
..###..## ##.#
###..## ##..## #..##
###....### ##..# #


You could see a jelly, 2 orcs and a goblin.

Vanquished Creatures
  A scorpion (D:4)
  An iguana (D:4)
  4 adders
  2 dart slugs
  An orc (D:4)
  7 endoplasms
  4 giant cockroaches
  6 goblins
  4 hobgoblins
  3 jackals (D:2)
  6 kobolds
  4 quokkas
  5 ball pythons
  5 bats
  A frilled lizard (D:1)
  2 rats
56 creatures vanquished.

Notes
Turn   | Place    | Note
-------+----------+-------------------------------------------
     0 | D:1      | James the Octopode Shapeshifter began the quest for the
                  | Orb.
     0 | D:1      | Reached XP level 1. HP: 13/13 MP: 1/1
    75 | D:1      | Reached XP level 2. HP: 19/19 MP: 2/2
   742 | D:2      | Reached XP level 3. HP: 26/26 MP: 3/3
   916 | D:2      | Reached skill level 1 in Stealth
  1019 | D:2      | Noticed Natasha
  1212 | D:2      | Reached XP level 4. HP: 27/31 MP: 4/4
  1329 | D:3      | Found a faded altar of an unknown god.
  1593 | D:3      | Found a sparkling altar of Nemelex Xobeh.
  2003 | D:4      | Identified the +8 dagger of Gustrezxa {heavy, ^Drain rPois
                  | Int+4 SInv}
  2194 | D:4      | Noticed a scorpion
  2201 | D:4      | Killed a scorpion
  2202 | D:4      | Reached XP level 5. HP: 36/36 MP: 5/5
  2343 | D:4      | Found a transporter.
  2520 | D:4      | Noticed an ice beast
  2602 | D:4      | Found a transporter.
  2604 | D:4      | Noticed an ice beast
  2604 | D:4      | Noticed an ice beast
  2605 | D:4      | Noticed an ice beast
  2780 | D:4      | Found a stormy altar of Qazlal.
  3003 | D:4      | Splashed by a jelly's acid

Illustrated notes

Levels and vault maps discovered:
D:1:      dpeg_arrival_refuge, layout_basic, st_stairs_6
D:2:      layout_basic, serial_park_tiny_pond, uniq_natasha
D:3:      layout_basic, nemelex_xobeh_ov_fountains_minmay,
          nicolae_ecumenical_pavilion, dk_noncrumbling_4
D:4:      gammafunk_cloud_chamber, layout_layer_cave,
          lemuel_coloured_pillars_altar

Skill      XL: |  1  2  3  4  5 |
---------------+----------------+-----
Fighting       | 2 3 |  3.0
Stealth        | 2 |  2.6
Unarmed Combat | 4 |  4.0
Shapeshifting  | 4 |  4.0
Dodging        | |  2.0

Action                     |  1- 3 |  4- 6 || total
---------------------------+-------+-------++-------
  Melee: Unarmed           |    54 |    46 ||   100
         Constrict         |    13 |    13 ||    26
         Tentacles         |     6 |    15 ||    21
         Punch             |     3 |     1 ||     4
  Throw: Dart              |     5 |     1 ||     6
    Use: Scroll            |       |     5 ||     5
   Stab: Sleeping          |     5 |     8 ||    13
 Armour: Skin              |    20 |    15 ||    35
  Dodge: Dodged            |    27 |    13 ||    40
